 Dungeon Crawl Stone Soup version 0.25.1-8-g42b30a86e7 (webtiles) character file.

Game seed: 5794615743221500775

956 Clowwww the Chopper (level 7, 54/54 HPs)
             Began as a Demonspawn Fighter on Dec 4, 2020.
             Quit the game on level 5 of the Dungeon on Dec 5, 2020.
             The game lasted 00:09:11 (4590 turns).

Clowwww the Chopper (Demonspawn Fighter)            Turns: 4590, Time: 00:09:12

Health: 54/54      AC:  7    Str: 18    XL:     7   Next: 91%
Magic:  7/7        EV:  8    Int: 10    God:
Gold:   186        SH:  9    Dex: 12    Spells: 6/6 levels left

rFire    + . .     SeeInvis .   a - +0 war axe
rCold    x . .     Gourm    .   c - +0 kite shield
rNeg     . . .     Faith    .   b - +0 scale mail
rPois    .         Spirit   .   (no helmet)
rElec    .         Reflect  .   (no cloak)
rCorr    .         Harm     .   (no gloves)
MR       .....                  (no boots)
Stlth    ++........             m - amulet of regeneration
HPRegen  0.58/turn              l - ring of attention (curse)
MPRegen  0.10/turn              w - ring of fire

@: no status effects
A: claws 1, nightstalker 2
a: no special abilities


You were on level 5 of the Dungeon.
You were not hungry.

You visited 1 branch of the dungeon, and saw 5 of its levels.

You collected 186 gold pieces.

Inventory:

Hand Weapons
 a - a +0 war axe (weapon)
Armour
 b - a +0 scale mail (worn)
 c - a +0 kite shield (worn)
Jewellery
 l - a cursed ring of attention (left claw)
 m - an amulet of regeneration (around neck)
 w - a ring of fire (right claw)
Wands
 o - a wand of polymorph (7)
 y - a wand of acid (10)
Scrolls
 e - a scroll of teleportation {unknown}
 g - a scroll of fear {unknown}
 h - 5 scrolls of remove curse {unknown}
 i - a scroll of magic mapping {unknown}
 j - 3 scrolls of fog {unknown}
 p - a scroll of immolation {unknown}
 q - a scroll of blinking {unknown}
 s - a scroll of enchant armour {unknown}
 u - a scroll of amnesia {unknown}
Potions
 d - a potion of might
 k - 2 potions of brilliance
 n - a potion of cancellation
 t - 2 potions of curing {unknown}
 v - 3 potions of flight
 x - a potion of ambrosia {unknown}
Comestibles
 f - 10 rations
 r - 4 chunks of flesh


   Skills:
 + Level 4.2 Fighting
 + Level 5.4 Axes
 + Level 4.6 Armour
 + Level 1.8 Dodging
 + Level 2.1 Stealth
 + Level 4.1 Shields


You had 6 spell levels left.
You didn't know any spells.
Your spell library was empty.

Dungeon Overview and Level Annotations

Branches:
Dungeon (5/15)
 Temple: D:4-7

Altars:
Cheibriados

Shops:
D:4 [


Innate Abilities, Weirdness & Mutations

You have sharp fingernails.
You are significantly more attuned to the shadows.


Message History

This raw flesh tastes terrible.
Found a stone staircase leading down.
Found a stone staircase leading down.
t - 2 grey potions (gained 1)
A quokka comes into view.
An adder skeleton comes into view.
Found a stone staircase leading down.
You block the quokka's attack. x2
You hit the quokka.
The quokka is almost dead.
The quokka twitches its whiskers.
You block the quokka's attack.
You hit the quokka.
You kill the quokka!
Okay, then.
Okay, then.
Unknown command.
Okay, then.
Unknown command.
Are you sure you want to abandon this character and quit the game? (Confirm with "yes".)

#.#......#.......
#.#...#..#......#
>.#...##........#
..............#..
.###
#.....##.##...# .
...#
##....######..#
#.... #...##
##..####.....
#####
#....#.#..>#
#......@...#
...#....#...#
#..##.........#
#..#..........#
.........#...
Z.......####.


There were no monsters in sight!

Vanquished Creatures
  The ghost of Cazemata the Chopper, an amateur MiBe of Trog (D:3)
  An ogre (D:5)
  2 centaurs (D:5)
  A wyvern skeleton (D:3)
  A scorpion (D:4)
  A howler monkey (D:4)
  An orc priest (D:2)
  2 bullfrog skeletons
  A gnoll shaman (D:5)
  A centaur skeleton (D:4)
  2 worker ants (D:4)
  A hound skeleton (D:3)
  9 adders
  3 gnolls (D:5)
  An ooze (D:1)
  4 worms
  4 dart slugs (D:3)
  3 leopard geckos
  13 orcs
  7 bats
  6 giant cockroaches
  6 goblins
  3 hobgoblins (D:1)
  6 jackals
  8 kobolds
  2 quokkas (D:5)
  3 ball pythons
  3 frilled lizards
  A leopard gecko skeleton (D:4)
  9 rats
106 creatures vanquished.

Notes
Turn   | Place    | Note
-------+----------+-------------------------------------------
     0 | D:1      | Clowwww the Demonspawn Fighter began the quest for the Orb.
     0 | D:1      | Reached XP level 1. HP: 18/18 MP: 1/1
    81 | D:1      | Gained mutation: You are slightly more attuned to the
                  | shadows. [demonic ancestry]
    81 | D:1      | Reached XP level 2. HP: 23/24 MP: 2/2
   114 | D:1      | Reached skill level 2 in Axes
   521 | D:1      | Reached XP level 3. HP: 26/29 MP: 3/3
   792 | D:2      | Reached XP level 4. HP: 28/35 MP: 4/4
  1826 | D:3      | Reached skill level 3 in Axes
  2405 | D:3      | Found a runed translucent gate.
  2406 | D:3      | Found a runed translucent gate.
  2406 | D:3      | Found a runed translucent gate.
  2408 | D:3      | Noticed Cazemata's ghost (amateur MiBe)
  2416 | D:3      | Gained mutation: You have sharp fingernails. [demonic
                  | ancestry]
  2416 | D:3      | Reached XP level 5. HP: 15/41 MP: 5/5
  2420 | D:3      | Killed Cazemata's ghost
  2420 | D:3      | Reached skill level 4 in Axes
  2420 | D:3      | Reached XP level 6. HP: 7/48 MP: 6/6
  2766 | D:3      | Found a snail-covered altar of Cheibriados.
  3156 | D:4      | Reached skill level 1 in Dodging
  3273 | D:4      | Gained mutation: You are significantly more attuned to the
                  | shadows. [demonic ancestry]
  3273 | D:4      | Reached XP level 7. HP: 37/53 MP: 7/7
  3334 | D:4      | Reached skill level 1 in Stealth
  3444 | D:4      | Found Ugool's Armour Boutique.
  4242 | D:5      | Entered Level 5 of the Dungeon
  4251 | D:5      | Reached skill level 5 in Axes
  4590 | D:5      | Quit the game

Illustrated notes

Levels and vault maps discovered:
D:1:      ncdulo_watergridlock, layout_basic
D:2:      layout_loops_cross, chequers_avenue, kennysheep_crisscross,
          chequers_serial_rivers_micro_b
D:3:      layout_loops_ring, kennysheep_slug_shrine, gammafunk_ghost_necromancy
D:4:      layout_loops_ring, serial_shops, kennysheep_mini_moat
D:5:      layout_cave_pools, kennysheep_mini, first_ration, uniq_duvessa

Skill      XL: |  1  2  3  4  5  6  7 |
---------------+----------------------+-----
Axes           | 2 3 4 5 |  5.4
Shields        | 3 4 |  4.1
Armour         | 3 4 |  4.6
Dodging        | 1 |  1.8
Stealth        | 2 |  2.1
Fighting       | 4 |  4.2

Action                   |  1- 3 |  4- 6 |  7- 9 || total
-------------------------+-------+-------+-------++-------
Melee: War axe           |    82 |   164 |    97 ||   343
Evoke: Wand              |       |       |     2 ||     2
  Use: Potion            |       |     1 |       ||     1
       Scroll            |       |       |     5 ||     5
 Stab: Sleeping          |       |       |     3 ||     3
  Eat: Chunk             |       |     8 |     4 ||    12
Armor: Scale mail        |    42 |    67 |    21 ||   130
       Skin              |       |       |    19 ||    19
Dodge: Dodged            |    28 |    47 |    26 ||   101
Block: Kite shield       |    60 |    85 |    48 ||   193
